 Dungeon Crawl Stone Soup version 0.20-a0-470-gbb038bd (webtiles) character file.

103 Uhlv the Twirler (level 4, -2/72 HPs)
             Began as an Ogre Gladiator on Jan 13, 2017.
             Slain by an adder (4 damage)
             ... on level 2 of the Dungeon.
             The game lasted 00:02:54 (1853 turns).

Uhlv the Twirler (Ogre Gladiator)                   Turns: 1853, Time: 00:02:54

Health: -2/72      AC:  3    Str: 24    XL:     4   Next: 79%
Magic:  4/4        EV: 10    Int:  9    God:
Gold:   117        SH:  0    Dex: 10    Spells: 3/3 levels left

rFire  . . .     SeeInvis .     a - +0 quarterstaff
rCold  . . .     Gourm    .     b - +0 robe
rNeg   . . .     Faith    .     (shield currently unavailable)
rPois  .         Spirit   .     c - +0 hat
rElec  .         Reflect  .     (no cloak)
rCorr  .         Harm     +     (gloves unavailable)
MR     .....                    (boots unavailable)
Stlth  ..........               q - amulet of harm
                                (no ring)
                                (no ring)

@: berserking, lethally poisoned (-2 -> -6), flying, very quick
A: unfitting armour, tough skin 1
a: no special abilities


You were on level 2 of the Dungeon.
You were very hungry.

You visited 1 branch of the dungeon, and saw 2 of its levels.

You collected 117 gold pieces.

Inventory:

Hand Weapons
 a - a +0 quarterstaff (weapon)
Missiles
 d - 3 throwing nets (quivered)
Armour
 b - a +0 robe (worn)
 c - a +0 hat (worn)
Jewellery
 q - an amulet of harm (around neck)
Scrolls
 g - a scroll of fog {unknown}
 j - 2 scrolls of identify {unknown}
 k - a scroll of remove curse {unknown}
 l - a scroll of amnesia {unknown}
 m - a scroll of magic mapping {unknown}
 r - a scroll of fear {unknown}
Potions
 o - a potion of curing {unknown}
 p - a potion of brilliance {unknown}
 s - a potion of haste {unknown}
Comestibles
 f - 2 bread rations
 h - 2 meat rations


   Skills:
 + Level 3.9 Fighting
 * Level 4.1 Staves
 + Level 3.1 Throwing
 - Level 2.6 Dodging


You had 3 spell levels left.
You didn't know any spells.

Dungeon Overview and Level Annotations

Branches:
Dungeon (2/15)

Altars:


Innate Abilities, Weirdness & Mutations

You are too large for most types of armour.
You have tough skin. (AC +1)


Message History

The adder bites you.
* * * LOW HITPOINT WARNING * * *
You are lethally poisoned!
The adder poisons you! The goblin barely misses you.
It was a potion of flight.
You feel very buoyant.
You fly up into the air.
The adder barely misses you. The goblin barely misses you.
It was a potion of berserk rage.
A red film seems to cover your vision as you go berserk!
You feel yourself moving faster!
You feel mighty!
* * * LOW HITPOINT WARNING * * *
You feel sick. The adder bites you but does no damage. The goblin hits you.
* * * LOW HITPOINT WARNING * * *
The adder barely misses you.
You are too berserk!
You barely miss the goblin.
* * * LOW HITPOINT WARNING * * *
You feel sick. The adder bites you.
You die...

#.........# ##.#######.#
#####...######.##
#..).......##...##
##.###...##.#.....##
#...###.###........### #...#
#.# #..........#
####...###.####.......#.##
#.........gKS@g......##..##
#.........#######...###...#
#.......(.# ##### ##.##
##.#....### ######## #.#
#....(..........#####.#####
#......#####...............
...................###.#####
....###.....##......###.#
#..... ...#...........#.#


You could see an adder, 2 goblins and a kobold.

Vanquished Creatures
  4 gnolls
  2 adders (D:2)
  2 worms (D:2)
  A dart slug (D:1)
  3 leopard geckos
  A ball python (D:1)
  8 hobgoblins
  5 kobolds (D:1)
  2 quokkas (D:2)
  3 bats
  2 frilled lizards (D:2)
  3 rats
36 creatures vanquished.

Notes
Turn   | Place    | Note
-------+----------+-------------------------------------------
     0 | D:1      | Uhlv the Ogre Gladiator began the quest for the Orb.
     0 | D:1      | Reached XP level 1. HP: 22/22 MP: 1/1
    39 | D:1      | Reached XP level 2. HP: 26/31 MP: 2/2
   396 | D:1      | Reached XP level 3. HP: 36/37 MP: 3/3
  1262 | D:2      | Reached XP level 4. HP: 45/46 MP: 4/4
  1421 | D:2      | Reached skill level 4 in Staves
  1852 | D:2      | HP: 3/72 [goblin (3)]
  1853 | D:2      | Slain by an adder

Vault maps used:
D:1:      minmay_arrival_cross
D:2:      first_bread, makhleb_heckhound_becter, uniq_natasha

Skill      XL: |  1  2  3  4 |
---------------+-------------+-----
Fighting       | 3 |  3.9
Staves         | 4 |  4.1
Throwing       | 3 |  3.1
Dodging        | |  2.6

Action                   |  1- 3 |  4- 6 || total
-------------------------+-------+-------++-------
Melee: Quarterstaff      |    81 |    49 ||   130
Throw: Throwing net      |     1 |       ||     1
  Use: Potion            |       |     3 ||     3
 Stab: Held in net/web   |     1 |       ||     1
  Eat: Chunk             |       |     2 ||     2
Armor: Robe              |    18 |    19 ||    37
Dodge: Dodged            |    54 |    35 ||    89
